 Dungeon Crawl Stone Soup version 0.23.1 (webtiles) character file.

Game seed: 14256299583474747560

5 glosham the Skirmisher (level 1, -5/18 HPs)
             Began as a Mummy Abyssal Knight on Mar 10, 2019.
             Was a Follower of Lugonu.
             Slain by a tormentor (6 damage)
             ... on level 1 of the Abyss.
             The game lasted 00:03:47 (159 turns).

glosham the Skirmisher (Mummy Abyssal Knight)        Turns: 159, Time: 00:03:48

Health: -5/18      AC:  3    Str: 15    XL:     1   Next: 66%
Magic:  2/2        EV: 11    Int: 11    God:    Lugonu [*.....]
Gold:   0          SH:  0    Dex: 11    Spells: 0/0 levels left

rFire    x . .     SeeInvis .   a - +1 hand axe
rCold    + . .     Gourm    .   (no shield)
rNeg     + + +     Faith    .   b - +0 leather armour
rPois    ∞         Spirit   .   (no helmet)
rElec    .         Reflect  .   (no cloak)
rCorr    .         Harm     .   (no gloves)
MR       .....                  (no boots)
Stlth    +.........             (no amulet)
HPRegen  0.06/turn              (no ring)
MPRegen  0.08/turn              (no ring)

@: no status effects
A: no food or potions, fire vulnerability, cold resistance 1, negative energy
resistance 3, torment resistance, unbreathing
a: Depart the Abyss, Renounce Religion


You were on level 1 of the Abyss.
You worshipped Lugonu.
Lugonu was aware of your devotion.
You were not hungry.

You visited 0 branches of the dungeon, and saw 0 of its levels.
You visited the Abyss 1 time.

Inventory:

Hand Weapons
 a - a +1 hand axe (weapon)
Armour
 b - a +0 leather armour (worn)
Scrolls
 m - a scroll of fog


   Skills:
 * Level 3.4 Fighting
 - Level 1.5 Axes
 - Level 1.5 Armour
 - Level 0.7 Dodging
 - Level 1.5 Invocations


You couldn't memorise any spells.
You didn't know any spells.
Your spell library was empty.

Dungeon Overview and Level Annotations

Branches:
Dungeon (0/15)

Altars:


Innate Abilities, Weirdness & Mutations

You do not eat or drink.
Your flesh is vulnerable to fire.
You are immune to poison.
Your flesh is cold resistant. (rC+)
You are immune to negative energy. (rN+++)
You are immune to unholy pain and torment.
You can survive without breathing.


Message History

The ufetubus closely misses you. The ufetubus barely misses you. x2
You hit the ufetubus.
The ufetubus is severely wounded.
The ufetubus barely misses you. x4
You hit the ufetubus.
You kill the ufetubus!
Found 3 needles of sleeping.
Found a runed ivory ring.
A starcursed mass comes into view.
A starcursed mass splits.
A neqoxec comes into view.
Found a gateway leading out of the Abyss.
Found a scroll labeled XUDEAPPEGH.
You see here a scroll labeled XUDEAPPEGH.
c - a scroll labeled XUDEAPPEGH
Found 18 gold pieces.
A quasit comes into view.
You enter the shallow water.
Moving in this stuff is going to be slow.
A large abomination comes into view.
As you read the scroll labeled XUDEAPPEGH, it crumbles to dust.
It is a scroll of identify.
You don't have any unidentified items.
A tormentor comes into view.
The tormentor roars!
A large abomination comes into view.
The tormentor grins malevolently.
The tormentor hits you. The tormentor hits you!
The tormentor barely misses you. x2
The tormentor closely misses you. The tormentor hits you.
The tormentor barely misses you. The tormentor misses you.
The tormentor barely misses you. The tormentor hits you.
The tormentor says, "I will eat your liver."
The tormentor hits you but does no damage.
The tormentor hits you.
* * * LOW HITPOINT WARNING * * *
The tormentor barely misses you. The tormentor closely misses you.
The tormentor says, "I am all your nightmares come true."
The tormentor hits you.
You die...

≈.# ≈≈≈ # . .≈≈.##
.# .# ≈≈≈≈#. . ...
..≈≈♣..# #### ...#
.#≈≈≈.###..#.....
...#≈≈#.#.......#
.#.#. ♣#.#@.##...
.#.#.#≈≈#2........
..##..#..#.##.#.#.
##..#.....#.. #
...##..#..#.##
...#.#.#.##..
#.##...#.# ##.
.#.#.##... .# #
.#. #.. .


You could see a tormentor.

Vanquished Creatures
  An ufetubus (Abyss:1)
1 creature vanquished.

Notes
Turn   | Place    | Note
-------+----------+-------------------------------------------
     0 | Abyss:1  | glosham the Mummy Abyssal Knight began the quest for the
                  | Orb.
     0 | Abyss:1  | Reached XP level 1. HP: 18/18 MP: 2/2
    52 | Abyss:1  | Noticed a starcursed mass
    59 | Abyss:1  | Noticed a neqoxec
    86 | Abyss:1  | Noticed a quasit
   116 | Abyss:1  | Noticed a large abomination
   130 | Abyss:1  | Noticed a tormentor
   131 | Abyss:1  | Noticed a large abomination
   153 | Abyss:1  | HP: 1/18 [tormentor (4)]
   159 | Abyss:1  | Slain by a tormentor

Action                   || total
-------------------------++-------
Melee: Hand axe          ||     4
  Use: Scroll            ||     2
Armor: Leather armour    ||     1
Dodge: Dodged            ||    17

Table legend:
 A = Turns spent in this place as a percentage of turns spent in the entire game.
 B = Non-inter-level travel turns spent in this place as a percentage of non-inter-level travel turns spent in the entire game.
 C = Inter-level travel turns spent in this place as a percentage of turns spent in this place.
 D = Turns resting spent in this place as a percentage of non-inter-level travel turns spent in this place.
 E = Turns spent auto-exploring this place as a percentage of non-inter-level travel turns spent in this place.
 F = Non-inter-level travel turns spent in this place divided by the number of levels of this place that you've seen.
                   A       B       C       D       E      F
               +-------+-------+-------+-------+-------+----------------------
         Total | 100.0 | 100.0 |   0.0 |   0.0 |   0.0 | 159.0
         Abyss | 100.0 | 100.0 |   0.0 |   0.0 |   0.0 | 159.0
               +-------+-------+-------+-------+-------+----------------------

Table legend:
 A = Kills in this place as a percentage of kills in entire the game.
 B = Kills by you in this place as a percentage of kills by you in the entire game.
 C = Kills by friends in this place as a percentage of kills by friends in the entire game.
 D = Other kills in this place as a percentage of other kills in the entire game.
 E = Experience gained in this place as a percentage of experience gained in the entire game.
 F = Experience gained in this place divided by the number of levels of this place that you have seen.
                   A       B       C       D       E      F
               +-------+-------+-------+-------+-------+----------------------
         Total | 100.0 | 100.0 |   N/A |   N/A | 100.0 |   8.0
         Abyss | 100.0 | 100.0 |   N/A |   N/A | 100.0 |   8.0
               +-------+-------+-------+-------+-------+----------------------

Levels and vault maps discovered:
Abyss:1
